 Dungeon Crawl Stone Soup version 0.25-a0-843-g6944ee31a2 (webtiles) character file.

Game seed: 12304519563783984867, levelgen mode: deterministic

138 tilp the Bolt Thrower (level 5, -4/30 HPs)
             Began as a Kobold Arcane Marksman on Apr 25, 2020.
             Slain by a gnoll
             ... wielding a +0 spear
              (5 damage)
             ... on level 2 of the Dungeon.
             The game lasted 00:07:38 (3748 turns).

tilp the Bolt Thrower (Kobold Arcane Marksman)      Turns: 3748, Time: 00:07:39

Health: -4/30      AC:  4    Str:  8    XL:     5   Next: 45%
Magic:  6/6        EV: 14    Int: 14    God:
Gold:   72         SH:  0    Dex: 16    Spells: 3/6 levels left

rFire    . . .     SeeInvis .   a - +0 hand crossbow
rCold    . . .     Gourm    .   (shield restricted)
rNeg     . . .     Faith    .   n - +0 leather armour
rPois    .         Spirit   .   (no helmet)
rElec    .         Reflect  .   (no cloak)
rCorr    .         Harm     .   (no gloves)
MR       .....                  t - +0 pair of boots
Stlth    +.........             (no amulet)
HPRegen  0.10/turn              (no ring)
MPRegen  0.10/turn              (no ring)

@: lethally poisoned (-4 -> -5)
A: small, carnivore
a: no special abilities


You were on level 2 of the Dungeon.
You were completely stuffed.

You visited 1 branch of the dungeon, and saw 2 of its levels.

You collected 72 gold pieces.

Inventory:

Hand Weapons
 a - a +0 hand crossbow (weapon)
 b - a +0 short sword
 s - a +0 trident
Missiles
 d - 21 bolts (quivered)
 i - 29 poisoned darts
 q - 2 boomerangs
Armour
 n - a +0 leather armour (worn)
 t - a +0 pair of boots (worn)
Jewellery
 h - an uncursed ring of protection from cold {unknown}
Scrolls
 e - a scroll of amnesia {unknown}
 g - a scroll of enchant armour {unknown}
 j - a scroll of fear {unknown}
 k - a scroll of remove curse {unknown}
 l - a scroll of noise {unknown}
Potions
 f - a potion of stabbing
 m - 3 potions of invisibility
 o - a potion of lignification {unknown}
 r - a potion of heal wounds {unknown}
Comestibles
 c - 8 rations
 p - 7 chunks of flesh


   Skills:
 + Level 2.1 Fighting
 - Level 6.0 Crossbows
 - Level 2.4 Dodging
 - Level 1.1 Spellcasting
 - Level 3.0 Hexes


You had 3 spell levels left.
You knew the following spells:

 Your Spells              Type           Power        Failure   Level  Hunger
a - Corona                Hex            #......      11%         1    ##.....
b - Slow                  Hex            #.......     17%         2    ###....

Your spell library contained the following spells:

 Spells                   Type           Power        Failure   Level  Hunger
 Inner Flame              Hex/Fire       #.......     52%         3    ####...
 Portal Projectile        Hex/Tloc       #.....       52%         3    ####...
 Cause Fear               Hex            #.........   73%         4    #####..
 Leda's Liquefaction      Hex/Erth       #.........   90%         4    #####..


Dungeon Overview and Level Annotations

Branches:
Dungeon (2/15)

Altars:
Sif Muna
Trog

Annotations:
D:2 exclusions: adder and 2 gnolls


Innate Abilities, Weirdness & Mutations

You are small and have problems with some larger weapons.
You are carnivorous and can eat meat at any time.


Message History

You feel sick. The gnoll barely misses you.
Firing (i - inventory. (/) - cycle)
d - 24 bolts (quivered)
Press: ? - help, Shift-Dir - straight line, f/p - gnoll
Aim: a gnoll, wielding a +0 spear (moderately wounded)
You shoot a bolt. The bolt hits the gnoll.
The gnoll is severely wounded.
The gnoll hits you from afar with a +0 spear.
* * * LOW HITPOINT WARNING * * *
Firing (i - inventory. (/) - cycle)
d - 23 bolts (quivered)
Press: ? - help, Shift-Dir - straight line, f/p - gnoll
Aim: a gnoll, wielding a +0 spear (severely wounded)
You shoot a bolt. The bolt hits the gnoll.
The gnoll is almost dead.
The gnoll barely misses you.
Firing (i - inventory. (/) - cycle)
d - 22 bolts (quivered)
Press: ? - help, Shift-Dir - straight line, f/p - gnoll
Aim: a gnoll, wielding a +0 spear (almost dead)
You shoot a bolt. The bolt closely misses the gnoll.
The gnoll hits you from afar with a +0 spear.
You die...

#.......#......#####.
#.......#.........##.
#.......####.....S.'.
#.................##.
#...<....#####.#.###.
#..รท.....#####.#.#
#.
#..............#.####
###.###..............
#.@(g(((((.......#.
#.###............._
#.. #............#.
### ####.#########.
...# ###.# ###


You could see a gnoll.

Vanquished Creatures
  3 gnolls (D:2)
  3 adders (D:2)
  A worm (D:2)
  3 dart slugs
  2 leopard geckos
  4 orcs (D:2)
  5 giant cockroaches
  8 goblins
  6 hobgoblins
  4 jackals
  8 kobolds
  5 bats
  4 frilled lizards
  8 rats
64 creatures vanquished.

Notes
Turn   | Place    | Note
-------+----------+-------------------------------------------
     0 | D:1      | tilp the Kobold Arcane Marksman began the quest for the
                  | Orb.
     0 | D:1      | Reached XP level 1. HP: 12/12 MP: 2/2
   213 | D:1      | Reached skill level 3 in Crossbows
   228 | D:1      | Reached XP level 2. HP: 16/16 MP: 3/3
   241 | D:1      | Learned a level 2 spell: Slow
  1435 | D:1      | Reached skill level 4 in Crossbows
  1435 | D:1      | Reached XP level 3. HP: 10/20 MP: 4/4
  2334 | D:2      | Reached XP level 4. HP: 23/25 MP: 5/5
  2348 | D:2      | Found a shimmering blue altar of Sif Muna.
  2431 | D:2      | Reached skill level 5 in Crossbows
  3153 | D:2      | Noticed an orc warrior
  3664 | D:2      | Reached XP level 5. HP: 28/29 MP: 6/6
  3705 | D:2      | Found a bloodstained altar of Trog.
  3724 | D:2      | Reached skill level 6 in Crossbows
  3746 | D:2      | HP: 1/30 [gnoll/+0 spear (4)]
  3748 | D:2      | Slain by a gnoll

Levels and vault maps discovered:
D:1:      sevenhm_arrival_forest_fort_small_5, layout_loops_ring,
          chequers_hall_statues_y
D:2:      layout_basic, old_standard_altar, lemuel_crystal_altar

Skill      XL: |  1  2  3  4  5 |
---------------+----------------+-----
Crossbows      | 3 4 5 6 |  6.0
Fighting       | 2 |  2.1
Dodging        | |  2.4
Spellcasting   | |  1.1
Hexes          | |  3.0

Action                   |  1- 3 |  4- 6 || total
-------------------------+-------+-------++-------
Melee: Whip              |    18 |       ||    18
       Short sword       |    93 |    79 ||   172
 Fire: Hand crossbow     |    23 |    42 ||    65
 Cast: Corona            |    15 |    11 ||    26
  Use: Scroll            |       |     2 ||     2
  Eat: Chunk             |    13 |     5 ||    18
Armor: Robe              |    18 |       ||    18
       Leather armour    |     6 |    11 ||    17
Dodge: Dodged            |   111 |    93 ||   204

Table legend:
 A = Non-vault XP
 B = Vault XP
 C = Vault XP percentage of total XP
 D = Non-vault monster count
 E = Vault monster count
 F = Vault count percentage of total count
                 A         B        C        D         E       F
            +---------+---------+-------+---------+---------+-------
      Total |     198 |       0 |   0.0 |      64 |       0 |   0.0
            +---------+---------+-------+---------+---------+-------
        D:1 |      62 |       0 |   0.0 |      34 |       0 |   0.0
        D:2 |     136 |       0 |   0.0 |      30 |       0 |   0.0
            +---------+---------+-------+---------+---------+-------
